[Event "*** Titled Tuesday Blitz"]
[Site "Chess.com"]
[Date "2019.02.05"]
[Round "1"]
[White "DonPreuss"]
[Black "Doraemon7"]
[Result "1/2-1/2"]
[WhiteElo "2192"]
[BlackElo "2541"]
[TimeControl "180+2"]
[EndTime "13:14:04 PST"]
[Termination "Game drawn - insufficient material"]

1. d4 d5 2. e4 dxe4 3. Nc3 Nf6 4. f3 e3 5. Bxe3 Bf5 6. Nge2 e6 7. Ng3 Bg6 8. Bd3 Nbd7 9. O-O c5 10. f4 Bxd3 11.
Qxd3 cxd4 12. Bxd4 Bc5 13. Rad1 O-O 14. Bxc5 Nxc5 15.
Qb5 Qc7 16. b4 Na6 17. Nce4 Nd5 18. c4 Ndxb4 19. Rd7 Qc8 20. a3 Nc6 21. Qxb7 Qxb7 22.
Rxb7 Na5 23. Re7 Nxc4 24. f5 Rfe8 25. f6 Rxe7 26. fxe7 Re8 27. Rc1 Nb6 28. a4 Rxe7 29. a5 Nd7 30. Rc8+ Nf8 31. Nd6 Rc7 32. Ra8 Nc5 33.
Nb5 Rb7 34. Nxa7 g6 35. Nc6 Rc7 36. Nb4 Rb7 37. Nc6 Rc7 38. Nd4 Kg7 39. a6 Nfd7 40.
Ne4 Nxe4 41. h3 Nec5 42. Nb5 Rc6 43. a7 Ra6 44. Nc7 Ra1+ 45. Kh2 Nb6 46. Rb8 Rxa7 47. Ne8+ Kf8 48. Nd6+ Kg7 49. Rxb6 Nd7 50. Rb2 Nf6 51. Rf2 Rd7 52. Nc4 Rd5 53. g4 h5 54. Ra2 hxg4 55. h4 Rh5 56. Kg3 Rc5 57. Nd6 Rc3+ 58. Kf4 Rf3+ 59. Kg5 Re3 60. Ra7 Ne4+ 61. Kf4 Nxd6 62.
Kxe3 Nf5+ 63. Kf4 Nxh4 64. Kxg4 Nf5 65. Kg5 Nd6 66. Rd7 Ne4+ 67. Kf4 Nf6 68. Ra7 Nh7 69. Ke5 Nf6 70. Rb7 g5 71. Ra7 Kg6 72. Ra1 Ng4+ 73. Ke4 f5+ 74. Kd4 Kf6 75. Ra8 Ne5 76. Rf8+ Nf7 77.
Rg8 g4 78. Ke3 Ke5 79. Rg7 Nd6 80. Rg8 Ne4 81. Ra8 f4+ 82. Ke2 Nf6 83. Ra5+ Nd5 84. Kf2 Kf5 85. Ra8 Ke4 86. Ra4+ Ke5 87. Ra8 f3 88.
Kg3 Kf5 89. Rf8+ Nf6 90. Rf7 e5 91. Kf2 e4 92. Rf8 Ke5 93. Kg3 Kf5 94. Kf2 Kg5 95.
Ke3 g3 96. Rf7 g2 97. Rg7+ Kf5 98. Kf2 Ng4+ 99. Kg1 Kf4 100. Rf7+ Ke5 101. Rxf3 Nf6 102. Rg3 Kf4 103. Rxg2 Nd5 104. Ra2 e3 105. Kf1 Kf3 106. Ra3 Nf4 107. Rxe3+ Kxe3 1/2-1/2

[Event "*** Titled Tuesday Blitz"]
[Site "Chess.com"]
[Date "2019.02.05"]
[Round "2"]
[White "SolidAsARook"]
[Black "vgyogi"]
[Result "1-0"]
[WhiteElo "2194"]
[BlackElo "2123"]
[TimeControl "180+2"]
[EndTime "13:16:35 PST"]
[Termination "SolidAsARook won by resignation"]

1. c4 e6 2. g3 d5 3. Bg2 Nf6 4.
Nf3 dxc4 5. Na3 Bxa3 6. bxa3 O-O 7. Qc2 Nc6 8. Bb2 Re8 9. Ng5 e5 10. Qxc4 h6 11. Nxf7 Be6 12. Nxd8 Bxc4 13. Nxc6 bxc6 14. Bxc6 1-0

[Event "*** Titled Tuesday Blitz"]
[Site "Chess.com"]
[Date "2019.02.05"]
[Round "2"]
[White "chegueps"]
[Black "Zhuu96"]
[Result "0-1"]
[WhiteElo "2314"]
[BlackElo "2855"]
[TimeControl "180+2"]
[EndTime "13:16:58 PST"]
[Termination "Zhuu96 won by resignation"]

1. b3 e5 2. Bb2 Nc6 3. e3 a6 4. d4 exd4 5. exd4 d5 6. h3 Nf6 7.
Nf3 Bb4+ 8. Nbd2 O-O 9. Be2 Ne4 10. a3 Nc3 11. Bxc3 Bxc3 12. Rc1 Nxd4 13. Nxd4 Bxd4 14.
O-O Bb2 15. Rb1 Bxa3 16. Bd3 Bd6 17. Qh5 g6 18. Qh6 Qf6 19. c4 Bf4 0-1

[Event "*** Titled Tuesday Blitz"]
[Site "Chess.com"]
[Date "2019.02.05"]
[Round "2"]
[White "fm_magua"]
[Black "IMRosen"]
[Result "1-0"]
[WhiteElo "2395"]
[BlackElo "2494"]
[TimeControl "180+2"]
[EndTime "13:17:35 PST"]
[Termination "fm_magua won by resignation"]

1. e4 c5 2. Nf3 e6 3. d4 cxd4 4.
Nxd4 Nc6 5. Nc3 Qc7 6. Be2 a6 7.
O-O Nf6 8. Be3 Bb4 9. Kh1 Bxc3 10. bxc3 Nxe4 11. Bd3 Nxc3 12. Qg4 g6 13. Nxc6 Qxc6 14. Qd4 O-O 15. Bh6 e5 16. Qxe5 f6 17. Qe7 1-0

[Event "*** Titled Tuesday Blitz"]
[Site "Chess.com"]
[Date "2019.02.05"]
[Round "2"]
[White "Doraemon7"]
[Black "RojonR"]
[Result "0-1"]
[WhiteElo "2532"]
[BlackElo "2499"]
[TimeControl "180+2"]
[EndTime "13:17:44 PST"]
[Termination "RojonR won by resignation"]

1. d4 Nf6 2. Nf3 e6 3. c4 Bb4+ 4. Bd2 Qe7 5. g3 Bxd2+ 6. Nbxd2 d6 7. Bg2 e5 8. O-O O-O 9. e4 Bg4 10. d5 a5 11. b3 c6 12. h3 Bh5 13. Re1 cxd5 14.
exd5 Na6 15. g4 Bg6 16. Nh4 Nd7 17. Nxg6 fxg6 18. Ne4 Nac5 19. Qd2 Nxe4 20. Bxe4 Rf4 21. Rac1 Raf8 22. Bf5 Qh4 23. Bxd7 Rxf2 0-1

[Event "*** Titled Tuesday Blitz"]
[Site "Chess.com"]
[Date "2019.02.05"]
[Round "2"]
[White "pKiLz5Rn9b"]
[Black "jncool68"]
[Result "1-0"]
[WhiteElo "2743"]
[BlackElo "2540"]
[TimeControl "180+2"]
[EndTime "13:17:45 PST"]
[Termination "pKiLz5Rn9b won by resignation"]

1. Nf3 Nf6 2. b3 e6 3. Bb2 d5 4. g3 Be7 5. Bg2 O-O 6. O-O c6 7. c4 Nbd7 8. d4 a5 9. Nc3 b6 10. Nd2 Bb7 11. Rc1 Re8 12. e4 dxe4 13. Ndxe4 Nxe4 14. Nxe4 Nf6 15. Qe2 Nxe4 16. Qxe4 a4 17. c5 axb3 18. axb3 Bf6 19. b4 bxc5 20. bxc5 Ba6 21.
Qxc6 Bxf1 22. Qxa8 Bxg2 23. Qxd8 Rxd8 24. Kxg2 Bxd4 25.
Bxd4 Rxd4 26. c6 Rd8 27. c7 1-0

[Event "*** Titled Tuesday Blitz"]
[Site "Chess.com"]
[Date "2019.02.05"]
[Round "2"]
[White "chenrip"]
[Black "GABUZYAN_CHESSMOOD"]
[Result "0-1"]
[WhiteElo "2312"]
[BlackElo "2771"]
[TimeControl "180+2"]
[EndTime "13:17:55 PST"]
[Termination "GABUZYAN_CHESSMOOD won by resignation"]

1. e4 c5 2. Nf3 d6 3. Bb5+ Bd7 4. a4 Nf6 5. Nc3 e6 6. O-O Be7 7. d4 cxd4 8. Nxd4 O-O 9. Be3 a6 10. Bxd7 Nbxd7 11. a5 Rc8 12. h3 Rc4 13. f4 Qc7 14. g4 Rc8 15. g5 Rxc3 16. bxc3 Nxe4 17. Qd3 d5 18. f5 Ne5 19. Qd1 Qxc3 20. Re1 Bc5 21.
fxe6 Bxd4 22. exf7+ Kf8 23. Qe2 Nxg5 24. Bxd4 Ngf3+ 25. Kh1 Qxd4 26. Rad1 Qh4 27. Qg2 Rxc2 0-1

[Event "*** Titled Tuesday Blitz"]
[Site "Chess.com"]
[Date "2019.02.05"]
[Round "2"]
[White "Vuks91"]
[Black "jamengrand"]
[Result "0-1"]
[WhiteElo "2427"]
[BlackElo "2293"]
[TimeControl "180+2"]
[EndTime "13:18:10 PST"]
[Termination "jamengrand won by resignation"]

1. e4 e5 2. Nf3 Nc6 3. Bc4 Nf6 4. Ng5 d5 5. exd5 Na5 6. Bb5+ c6 7. dxc6 bxc6 8. Qf3 Be7 9. Bd3 O-O 10. Nc3 h6 11. Nge4 Nd5 12. Ng3 Nb4 13. Be4 f5 14.
Nxf5 Bxf5 15. Bxf5 Nxc2+ 16. Kd1 Nd4 17. Qe4 Rxf5 18.
f3 Nb7 19. Ne2 Nc5 0-1

[Event "*** Titled Tuesday Blitz"]
[Site "Chess.com"]
[Date "2019.02.05"]
[Round "2"]
[White "1e41-0"]
[Black "leoo2001"]
[Result "0-1"]
[WhiteElo "2541"]
[BlackElo "2751"]
[TimeControl "180+2"]
[EndTime "13:18:11 PST"]
[Termination "leoo2001 won by resignation"]

1. d4 Nf6 2. c4 g6 3. Nc3 d5 4. Bg5 Ne4 5. h4 Bg7 6. cxd5 Nxc3 7. bxc3 Qxd5 8. e3 c5 9. Qf3 Qxf3 10. Nxf3 Nc6 11.
Rb1 h6 12. Bf4 O-O 13. Bd3 Rd8 14. Ke2 b6 15. Be4 Bb7 16. dxc5 Ba6+ 17. Ke1 Bxc3+ 0-1

[Event "*** Titled Tuesday Blitz"]
[Site "Chess.com"]
[Date "2019.02.05"]
[Round "2"]
[White "aa175"]
[Black "masrahi"]
[Result "1-0"]
[WhiteElo "1942"]
[BlackElo "1863"]
[TimeControl "180+2"]
[EndTime "13:18:32 PST"]
[Termination "aa175 won by resignation"]

1. a3 e5 2. c4 f5 3. Nc3 Nf6 4. e3 a6 5. Nf3 d6 6. Be2 Be7 7. O-O O-O 8. h3 c6 9. b4 Be6 10. Bb2 Nbd7 11. Ng5 Bf7 12. Nxf7 Rxf7 13. d4 e4 14. d5 c5 15. b5 a5 16. a4 b6 17. Qc2 g5 18. f3 g4 19. fxe4 gxh3 20. gxh3 Rg7+ 21. Kh1 Nh5 22. Bxh5 Nf6 23. Rxf5 Nxh5 24.
Rxh5 Bf6 25. Rg1 Qe7 26. e5 Rxg1+ 27. Kxg1 Qg7+ 28. Qg2 Qxg2+ 29. Kxg2 Bxe5 30. Rxe5 dxe5 31. Ne4 Re8 32. Nf6+ 1-0

[Event "*** Titled Tuesday Blitz"]
[Site "Chess.com"]
[Date "2019.02.05"]
[Round "2"]
[White "Anar_Aliakbarov"]
[Black "pedromartinez91"]
[Result "1-0"]
[WhiteElo "2477"]
[BlackElo "2497"]
[TimeControl "180+2"]
[EndTime "13:18:42 PST"]
[Termination "Anar_Aliakbarov won by resignation"]

1. d4 Nf6 2. c4 g6 3. Nc3 Bg7 4. e4 O-O 5. Nf3 c6 6. e5 Ne8 7. Bf4 d6 8. Be2 Bg4 9. h3 Bxf3 10. Bxf3 dxe5 11. dxe5 Qxd1+ 12. Rxd1 Nc7 13. O-O Ne6 14.
Bg3 Re8 15. Bg4 Na6 16. Bxe6 fxe6 17. Ne4 h6 18. Rd7 Rab8 19. Rfd1 Kf7 20. Nd6+ Kf8 21.
Nxe8 Rxe8 22. Rxb7 Nc5 23. Rxa7 Ne4 24. Bh2 g5 25. Rad7 Nc5 26. Rd8 Rxd8 27. Rxd8+ Kf7 28. b4 Nb7 29. Rb8 1-0

[Event "*** Titled Tuesday Blitz"]
[Site "Chess.com"]
[Date "2019.02.05"]
[Round "2"]
[White "Romn69"]
[Black "tteshan"]
[Result "1-0"]
[WhiteElo "2255"]
[BlackElo "2132"]
[TimeControl "180+2"]
[EndTime "13:18:57 PST"]
[Termination "Romn69 won by resignation"]

1. d4 Nf6 2. Nf3 e6 3. g3 b6 4.
Bg2 Bb7 5. O-O d5 6. c4 c5 7. cxd5 Nxd5 8. Nc3 cxd4 9. Nxd5 Bxd5 10. Qxd4 Nc6 11.
Qa4 Bd6 12. e4 Bxe4 13. Qxe4 Rc8 14. Bg5 Qc7 15. Rac1 O-O 16. Nd4 Bc5 17. Nxc6 f5 18. Qxe6+ Kh8 19. Bf4 Qf7 20. Qxf7 Rxf7 21. Ne5 Re7 22.
b4 1-0

[Event "*** Titled Tuesday Blitz"]
[Site "Chess.com"]
[Date "2019.02.05"]
[Round "2"]
[White "tioloko"]
[Black "Sanan_Sjugirov"]
[Result "0-1"]
[WhiteElo "2566"]
[BlackElo "2840"]
[TimeControl "180+2"]
[EndTime "13:18:59 PST"]
[Termination "Sanan_Sjugirov won by resignation"]

1. e4 c5 2. Nf3 d6 3. d4 cxd4 4. Nxd4 Nf6 5. Nc3 a6 6. Bg5 e6 7. f4 Qb6 8. Qd2 Qxb2 9. Nb3 Qa3 10.
Bxf6 gxf6 11. Be2 Nc6 12. O-O Bg7 13. Kh1 f5 14. exf5 Qb4 15. Rf3 exf5 16. a3 Qb6 17.
Qxd6 Be6 18. Qc5 Qxc5 19. Nxc5 Nd4 20. Nxe6 fxe6 0-1

[Event "*** Titled Tuesday Blitz"]
[Site "Chess.com"]
[Date "2019.02.05"]
[Round "2"]
[White "dusanacns"]
[Black "Grischuk"]
[Result "0-1"]
[WhiteElo "2604"]
[BlackElo "3038"]
[TimeControl "180+2"]
[EndTime "13:19:05 PST"]
[Termination "Grischuk won by resignation"]

1. e4 e5 2. Nc3 Nc6 3. g3 Bc5 4. Bg2 d6 5. Na4 a5 6. Nxc5 dxc5 7. d3 Nge7 8. Ne2 Be6 9. O-O Qd7 10. f4 f6 11. Be3 b6 12. f5 Bf7 13. Qe1 Nb4 14.
Qc1 Nxa2 15. Qd2 Nb4 16. Nc3 O-O-O 17. Qf2 Nec6 18. Nb5 Nd4 19. Nxd4 cxd4 20. Bd2 Nxc2 21. Rac1 Ne3 22. Bxe3 dxe3 23. Qxe3 Qd4 0-1

[Event "*** Titled Tuesday Blitz"]
[Site "Chess.com"]
[Date "2019.02.05"]
[Round "2"]
[White "Farrukh_Amonatov"]
[Black "Maikrosoft63"]
[Result "1/2-1/2"]
[WhiteElo "2817"]
[BlackElo "2569"]
[TimeControl "180+2"]
[EndTime "13:19:09 PST"]
[Termination "Game drawn by agreement"]

1. e4 c5 2. Nf3 Nc6 3. Bb5 d6 4. Bxc6+ bxc6 5. O-O e5 6. h3 Nf6 7. d3 Be7 8. Nbd2 O-O 9. a3 Be6 10. b4 cxb4 11. axb4 a5 12. bxa5 Rxa5 13. Bb2 Qb6 14. Rxa5 Qxa5 15. Qa1 Ra8 16. Qxa5 Rxa5 17. Ra1 Rxa1+ 18.
Bxa1 h6 19. Kf1 Kf8 20. Ke2 Ke8 21. Nf1 g6 22. Ne3 Nh5 23. Kf1 f5 24. Nd2 f4 25.
Nec4 Kd7 26. d4 exd4 27. Bxd4 Bf6 28. Bxf6 Nxf6 29. e5 Ne4 30. exd6 Nxd2+ 31. Nxd2 Kxd6 32. Ke2 g5 33. c3 c5 34. Kd3 Bd5 35. g3 Ke5 36. h4 fxg3 37. fxg3 gxh4 38. gxh4 Kf4 39. c4 Bxc4+ 1/2-1/2

[Event "*** Titled Tuesday Blitz"]
[Site "Chess.com"]
[Date "2019.02.05"]
[Round "2"]
[White "AttilaTurzo"]
[Black "RiskyDecision"]
[Result "0-1"]
[WhiteElo "2376"]
[BlackElo "2422"]
[TimeControl "180+2"]
[EndTime "13:19:12 PST"]
[Termination "RiskyDecision won by resignation"]

1. d4 Nf6 2. Nf3 d5 3. Bf4 c5 4. e3 Nc6 5. Nbd2 e6 6. c3 Bd6 7. Bg3 O-O 8. Bd3 b6 9. Qe2 Bb7 10. e4 Be7 11. exd5 exd5 12. O-O cxd4 13. Nxd4 Nxd4 14.
cxd4 Re8 15. Bh4 Ne4 16. Bxe7 Rxe7 17. Qd1 Qd6 18. f3 Nxd2 19. Qxd2 Rae8 20. g3 Qf6 21. Kg2 g6 22. Bb5 Bc6 23. a4 Bxb5 24. Rf2 Re2 0-1

[Event "*** Titled Tuesday Blitz"]
[Site "Chess.com"]
[Date "2019.02.05"]
[Round "2"]
[White "Mbneu"]
[Black "PawnEatingZombie"]
[Result "1-0"]
[WhiteElo "2246"]
[BlackElo "2132"]
[TimeControl "180+2"]
[EndTime "13:19:16 PST"]
[Termination "Mbneu won by resignation"]

1. d4 d5 2. c4 e6 3. Nc3 Bb4 4. Nf3 dxc4 5. e4 b5 6. Be2 Bb7 7.
Qc2 Nf6 8. e5 Nd5 9. O-O a6 10. a3 Be7 11. Nd2 O-O 12. Nde4 h6 13. g4 Nd7 14. f4 f5 15. exf6 N7xf6 16. Bf3 Nxe4 17. Qxe4 Nxc3 18. Qxe6+ Kh8 19. Bxb7 Qxd4+ 20. Be3 Ne2+ 21. Kh1 Qd6 22. Qxd6 Bxd6 23. Bxa8 Rxa8 24. Rae1 1-0

[Event "*** Titled Tuesday Blitz"]
[Site "Chess.com"]
[Date "2019.02.05"]
[Round "2"]
[White "VerdeNotte"]
[Black "pultineviciuspaulius"]
[Result "1-0"]
[WhiteElo "2848"]
[BlackElo "2631"]
[TimeControl "180+2"]
[EndTime "13:19:17 PST"]
[Termination "VerdeNotte won by resignation"]

1. a3 e5 2. c4 Nf6 3. g3 d5 4.
cxd5 Nxd5 5. Nf3 Nc6 6. e4 Nf6 7. Bb5 Bd7 8. O-O Nxe4 9. d4 Nd6 10. Bxc6 Bxc6 11. Nxe5 Bb5 12. Re1 Be7 13. Nc3 O-O 14.
Nxb5 Nxb5 15. Be3 c6 16. Qb3 Rb8 17. d5 Qxd5 18. Qxd5 cxd5 19. Nd7 Bf6 20. a4 Nc7 21. Nxb8 Rxb8 22. Bf4 Bxb2 23. Bxc7 Rc8 24. Rab1 Bc3 25. Re7 d4 26. Rd7 d3 27. Rxd3 1-0

[Event "*** Titled Tuesday Blitz"]
[Site "Chess.com"]
[Date "2019.02.05"]
[Round "2"]
[White "Indianlad"]
[Black "popov_m"]
[Result "1-0"]
[WhiteElo "2922"]
[BlackElo "2607"]
[TimeControl "180+2"]
[EndTime "13:19:19 PST"]
[Termination "Indianlad won by resignation"]

1. Nf3 Nf6 2. d4 g6 3. c4 Bg7 4.
Nc3 d6 5. g3 O-O 6. Bg2 c5 7. O-O Nc6 8. dxc5 dxc5 9. Bf4 Nh5 10.
Be3 Nd4 11. Na4 Qd6 12. Nxc5 Qxc5 13. Bxd4 Qxc4 14. Bxg7 Nxg7 15. Ne5 Qb5 16. Qd5 Qxe2 17. Rfe1 Qh5 18. Bf3 Qf5 19. Bg4 Qf6 20. Bxc8 Rfxc8 21. Ng4 Qc6 22. Nh6+ Kh8 23. Nxf7+ Kg8 24. Nh6+ 1-0

[Event "*** Titled Tuesday Blitz"]
[Site "Chess.com"]
[Date "2019.02.05"]
[Round "2"]
[White "Astaneh"]
[Black "ezkybel"]
[Result "1-0"]
[WhiteElo "2463"]
[BlackElo "2273"]
[TimeControl "180+2"]
[EndTime "13:19:23 PST"]
[Termination "Astaneh won by checkmate"]

1. Nf3 Nf6 2. b3 g6 3. Bb2 Bg7 4. g3 O-O 5. Bg2 d6 6. d4 c6 7. O-O Na6 8. c4 Nc7 9. Nc3 Bg4 10. h3 Bd7 11. e4 d5 12. e5 Ne4 13. Nxe4 dxe4 14.
Ng5 Qc8 15. Kh2 f5 16. exf6 exf6 17. Nxe4 f5 18. Nd6 Qb8 19. Re1 f4 20. Re7 Qd8 21.
Rxg7+ Kxg7 22. d5+ Kh6 23. Qd4 Qe7 24. Re1 Qxe1 25.
Qg7+ Kg5 26. h4+ Kg4 27. f3+ Kh5 28. Qxh7# 1-0

[Event "*** Titled Tuesday Blitz"]
[Site "Chess.com"]
[Date "2019.02.05"]
[Round "2"]
[White "Ar4uha"]
[Black "Th3ChessViking"]
[Result "1-0"]
[WhiteElo "2516"]
[BlackElo "2459"]
[TimeControl "180+2"]
[EndTime "13:19:32 PST"]
[Termination "Ar4uha won by resignation"]

1. e4 e6 2. d4 d5 3. Bd3 Nf6 4. e5 Nfd7 5. c3 c5 6. Nf3 Nc6 7. O-O g6 8. a3 Bg7 9. b4 cxd4 10.
cxd4 O-O 11. Bb2 f6 12. exf6 Nxf6 13. Nbd2 Nh5 14. g3 Qf6 15. Ne5 Nd8 16. f4 Nf7 17. Be2 Nd6 18. Bxh5 gxh5 19. Qxh5 Nf5 20. Ndf3 b6 21. Rac1 Rd8 22. Rc7 Nd6 23. Ng5 h6 24.
Ngf7 Ba6 25. Rfc1 1-0

[Event "*** Titled Tuesday Blitz"]
[Site "Chess.com"]
[Date "2019.02.05"]
[Round "2"]
[White "Last7Samurai"]
[Black "TrimitziosP7"]
[Result "0-1"]
[WhiteElo "2702"]
[BlackElo "2691"]
[TimeControl "180+2"]
[EndTime "13:19:36 PST"]
[Termination "TrimitziosP7 won by resignation"]

1. d4 Nf6 2. Bf4 c5 3. d5 b5 4. a4 Bb7 5. c4 bxc4 6. Nc3 d6 7. e4 Ba6 8. Nf3 g6 9. Nd2 Bg7 10. Bxc4 Bxc4 11. Nxc4 Nbd7 12. O-O O-O 13. h3 Rb8 14. Qe2 Nb6 15. Ne3 Nfd7 16. Nb5 Rb7 17. a5 Nc8 18. a6 Rb8 19. Nc3 Ncb6 20. Ra2 Nf6 21. Nc4 Nxc4 22. Qxc4 Rb4 23. Qe2 Qb6 24. Bc1 Nd7 25. Nd1 Rb8 26. Ne3 Rxe4 27. Re1 Qb3 28. Ra3 Qb5 29. Qf3 f5 30. Re2 Ne5 0-1

[Event "*** Titled Tuesday Blitz"]
[Site "Chess.com"]
[Date "2019.02.05"]
[Round "2"]
[White "SCIM"]
[Black "LuisFSiles"]
[Result "1-0"]
[WhiteElo "2402"]
[BlackElo "2247"]
[TimeControl "180+2"]
[EndTime "13:19:36 PST"]
[Termination "SCIM won by resignation"]

1. d4 Nf6 2. c4 g6 3. Nc3 Bg7 4. e4 d6 5. f3 O-O 6. Bg5 Nc6 7.
Nge2 a6 8. Qd2 Rb8 9. Rc1 Bd7 10.
b3 Qe8 11. Ng3 e5 12. dxe5 dxe5 13. Be2 Nd4 14. O-O c6 15. Rfd1 Be6 16. Bf1 Nd7 17.
Nge2 b5 18. cxb5 axb5 19. Kh1 Ra8 20. Nxd4 exd4 21. Ne2 c5 22. Nf4 f6 23. Nxe6 Qxe6 24. Bf4 Kh8 25. Bxb5 g5 26. Bg3 Rfc8 27. Bc4 Qe7 28. Bd5 Ra3 29. b4 Nb6 30. bxc5 Nxd5 31. exd5 Rxc5 32. d6 Qa7 33. d7 1-0

[Event "*** Titled Tuesday Blitz"]
[Site "Chess.com"]
[Date "2019.02.05"]
[Round "2"]
[White "MathiasWomacka"]
[Black "m3alam"]
[Result "1-0"]
[WhiteElo "2226"]
[BlackElo "2150"]
[TimeControl "180+2"]
[EndTime "13:19:37 PST"]
[Termination "MathiasWomacka won by resignation"]

1. e4 c6 2. d4 d5 3. Nd2 g6 4.
h3 Bg7 5. Ngf3 dxe4 6. Nxe4 Nd7 7. Bc4 Ngf6 8. Nxf6+ Nxf6 9. O-O O-O 10. Re1 Bf5 11. Ne5 Nd5 12. c3 h5 13. Qf3 a5 14. a4 Qd6 15. Bd2 Rae8 16. Rad1 Qc7 17. Bxd5 cxd5 18. Qxd5 Bc2 19. Ra1 e6 20. Qb5 Rd8 21. Bf4 Rd5 22. Qe2 1-0

[Event "*** Titled Tuesday Blitz"]
[Site "Chess.com"]
[Date "2019.02.05"]
[Round "2"]
[White "mishanick"]
[Black "FearNoEvil12"]
[Result "1-0"]
[WhiteElo "3019"]
[BlackElo "1950"]
[TimeControl "180+2"]
[EndTime "13:19:41 PST"]
[Termination "mishanick won by resignation"]

1. d4 b5 2. e4 a6 3. c4 bxc4 4. Bxc4 e6 5. Nc3 Bb7 6. Nf3 Nf6 7. e5 Ne4 8. O-O Nxc3 9. bxc3 Be7 10. Qd3 h6 11. Bf4 d6 12. Rfe1 Nd7 13. Rad1 d5 14. Bb3 c5 15. Ba4 Qc7 16. c4 Bc6 17. Bb3 dxc4 18.
Bxc4 O-O 19. d5 exd5 20. Bxd5 Bxd5 21. Qxd5 Nb6 22. Qe4 Rad8 23. e6 Qc8 24. exf7+ Rxf7 25. Ne5 Rf6 26. Rxd8+ Bxd8 27. Bg3 Bc7 28. Ng4 Rf8 29. Nxh6+ gxh6 30. Qg6+ Kh8 31. Qxh6+ Kg8 32. Qg6+ Kh8 33. Re7 1-0

[Event "*** Titled Tuesday Blitz"]
[Site "Chess.com"]
[Date "2019.02.05"]
[Round "2"]
[White "RaphaeI"]
[Black "LyonBeast"]
[Result "0-1"]
[WhiteElo "2588"]
[BlackElo "2912"]
[TimeControl "180+2"]
[EndTime "13:19:49 PST"]
[Termination "LyonBeast won by resignation"]

1. Nf3 c5 2. c4 Nc6 3. Nc3 e5 4. e3 Nf6 5. d4 e4 6. Ne5 g6 7.
g4 h6 8. Bg2 Bg7 9. h3 O-O 10.
O-O Qe7 11. Qc2 cxd4 12. Nxc6 bxc6 13. exd4 d5 14. Bf4 Be6 15. Be5 h5 16. c5 hxg4 17. Bd6 Qd7 18. Bxf8 Rxf8 19. h4 Nh5 20. Ne2 f5 21. b4 f4 0-1

[Event "*** Titled Tuesday Blitz"]
[Site "Chess.com"]
[Date "2019.02.05"]
[Round "2"]
[White "Kawhi_Leonard2"]
[Black "Shivagami"]
[Result "1-0"]
[WhiteElo "2242"]
[BlackElo "2136"]
[TimeControl "180+2"]
[EndTime "13:19:51 PST"]
[Termination "Kawhi_Leonard2 won by resignation"]

1. e4 e5 2. Nf3 Nc6 3. Bb5 a6 4.
Bxc6 dxc6 5. O-O Bg4 6. h3 h5 7. d3 Qf6 8. Be3 Bxf3 9. Qxf3 Qxf3 10. gxf3 Ne7 11. f4 Ng6 12. fxe5 Nxe5 13. f4 Ng6 14. Nd2 O-O-O 15. Kh1 Be7 16. Rg1 Rhg8 17. Nf3 Nh4 18. Ne5 f6 19. Ng6 Nxg6 20. Rxg6 Bd6 21. Rag1 Rd7 22. Rxf6 Re8 23. Rfg6 Rf8 24. e5 Bb4 25. Rxg7 1-0

[Event "*** Titled Tuesday Blitz"]
[Site "Chess.com"]
[Date "2019.02.05"]
[Round "2"]
[White "StanislavNovikov"]
[Black "kleinebeer98"]
[Result "0-1"]
[WhiteElo "2680"]
[BlackElo "2701"]
[TimeControl "180+2"]
[EndTime "13:20:01 PST"]
[Termination "kleinebeer98 won by resignation"]

1. c4 e5 2. Nc3 Nf6 3. g3 d5 4.
cxd5 Nxd5 5. Bg2 Nb6 6. Nf3 Nc6 7. O-O Be7 8. d3 O-O 9. a3 a5 10. b3 Be6 11. Bb2 Nd7 12. Nd2 Nc5 13. Nce4 Nd4 14. Nxc5 Bxc5 15. Bxb7 Rb8 16. Bg2 Nxb3 17. Nxb3 Bxb3 18.
Qc1 Bd4 19. Bxd4 exd4 20. Qc5 Re8 21. Bf3 a4 22. Rfc1 Re7 23. Qa7 Rb5 24. Rc5 c6 25. Qxe7 Qxe7 26. Rxc6 Rc5 27. Rc1 Rxc1+ 28. Rxc1 g6 0-1

[Event "*** Titled Tuesday Blitz"]
[Site "Chess.com"]
[Date "2019.02.05"]
[Round "2"]
[White "KazakhFighter04"]
[Black "MITerryble"]
[Result "0-1"]
[WhiteElo "2652"]
[BlackElo "2792"]
[TimeControl "180+2"]
[EndTime "13:20:07 PST"]
[Termination "MITerryble won by resignation"]

1. e4 e6 2. d4 d5 3. Nc3 Nf6 4. e5 Nfd7 5. f4 c5 6. Nf3 Nc6 7.
Be3 Be7 8. Qd2 O-O 9. dxc5 Nxc5 10. Qf2 Qa5 11. O-O-O Ne4 12. Nxe4 dxe4 13. Nd2 Qxa2 14. Nb3 a5 15. Bc5 a4 16. Nd2 a3 17. bxa3 Rxa3 18. Nb1 e3 19. Bxe3 Qa1 20. Bc5 Ra2 21. Bxe7 Qb2+ 22.
Kd2 Qxc2+ 0-1

[Event "*** Titled Tuesday Blitz"]
[Site "Chess.com"]
[Date "2019.02.05"]
[Round "2"]
[White "varacalli"]
[Black "cool4chess"]
[Result "0-1"]
[WhiteElo "2436"]
[BlackElo "2295"]
[TimeControl "180+2"]
[EndTime "13:20:14 PST"]
[Termination "cool4chess won by resignation"]

1. e4 c5 2. Nf3 Nc6 3. d4 cxd4 4. Nxd4 Nf6 5. Nc3 e5 6. Ndb5 d6 7. Bg5 a6 8. Na3 b5 9. Nd5 Be7 10. Bxf6 Bxf6 11. c4 b4 12. Nc2 O-O 13. Be2 Bg5 14.
O-O Rb8 15. b3 a5 16. Bf3 Kh8 17. Qd3 Qd7 18. Rfd1 Qa7 19. Nde3 Rd8 20. h3 Be6 21. Bg4 Bxe3 22. Nxe3 Nd4 23. Nc2 Bxg4 24. hxg4 Ne6 25. g3 Nc5 26. Qd5 a4 27. Kg2 Qd7 28. Rab1 axb3 29. axb3 Qxg4 30. f3 Qg6 31. Rd2 f5 32. exf5 Qxf5 33. Rdd1 Qxc2+ 34. Kh3 Qf5+ 35. Kg2 Rf8 36. Ra1 Nxb3 37. Ra7 Nd4 38. Qxd6 Qxf3+ 39. Kh3 Qxd1 40. Qxe5 Qh1+ 41. Kg4 h5+ 42. Kg5 Nf3+ 43. Kg6 Nxe5+ 0-1

[Event "*** Titled Tuesday Blitz"]
[Site "Chess.com"]
[Date "2019.02.05"]
[Round "2"]
[White "x-5963514717"]
[Black "Genghis_K"]
[Result "0-1"]
[WhiteElo "2453"]
[BlackElo "2799"]
[TimeControl "180+2"]
[EndTime "13:20:15 PST"]
[Termination "Genghis_K won by resignation"]

1. Nf3 Nf6 2. g3 g6 3. Bg2 Bg7 4. O-O O-O 5. d4 d6 6. b3 e5 7. dxe5 dxe5 8. Ba3 Qxd1 9. Rxd1 Re8 10. Nc3 e4 11.
Nd4 e3 12. fxe3 c6 13. h3 Rxe3 14. Rd3 Rxd3 15. exd3 Ne4 16. Nce2 Nxg3 17. Re1 Nxe2+ 18. Nxe2 Na6 19. Nf4 Bd7 20. Bd6 Bf8 21. Be5 Re8 22. Kf1 Bg7 23. d4 Bxe5 24. dxe5 Bf5 25. c3 Nc5 26.
Rd1 Rxe5 27. b4 Ne4 28. Rd8+ Kg7 29. Bxe4 Rxe4 0-1

[Event "*** Titled Tuesday Blitz"]
[Site "Chess.com"]
[Date "2019.02.05"]
[Round "2"]
[White "WhiteKnight2612"]
[Black "jlucasvf"]
[Result "1/2-1/2"]
[WhiteElo "2548"]
[BlackElo "2731"]
[TimeControl "180+2"]
[EndTime "13:20:16 PST"]
[Termination "Game drawn by agreement"]

1. Nf3 d5 2. g3 Nf6 3. Bg2 e6 4. O-O Be7 5. d4 O-O 6. c4 dxc4 7. Ne5 Nc6 8. Nxc6 bxc6 9. e3 Rb8 10. Nc3 c5 11. dxc5 Bxc5 12. Qe2 Ba6 13. Rd1 Qe7 14. e4 Nd7 15. e5 Nb6 16. Qh5 Bb7 17. Bg5 f6 18. exf6 gxf6 19. Bh6 Rfe8 20. Ne4 Bxe4 21. Bxe4 f5 22. Bc6 Red8 23. Bf4 Rxd1+ 24. Rxd1 Bd6 25. Bg5 Qf7 26. Qh4 Qg6 27. Bf3 Nd7 28. Qxc4 Ne5 29.
Qf4 Qxg5 1/2-1/2